 Dungeon Crawl Stone Soup version 0.30.1-4-g462c640d31 (webtiles) character file.

Game seed: 11500916378908079254

51 Hetzau the Insei (level 3, -3/27 HPs)
             Began as a Merfolk Transmuter on Sept 17, 2023.
             Slain by an iguana (9 damage)
             ... on level 3 of the Dungeon.
             The game lasted 00:08:47 (1549 turns).

Hetzau the Insei (Merfolk Transmuter)               Turns: 1549, Time: 00:08:48

Health: -3/27      AC:  3    Str: 12    XL:     3   Next: 83%
Magic:  6/6        EV: 15    Int: 12    God:
Gold:   114        SH:  0    Dex: 14    Spells: 5/6 levels left

rFire   . .          .
                       - Unarmed
rCold   . . .        (no shield)
rNeg    . . .        p - +0 leather armour
rPois   .            (no helmet)
rElec   .            (no cloak)
rCorr   .            (no gloves)
SInv    .            e - melded +0 pair of boots
Will    .....        (no amulet)
Stlth   ++           (no ring)
HPRegen 0.24/turn    (no ring)
MPRegen 0.10/turn

%: no passive effects
@: very quick
A: nimble swimmer 2, mertail
a: no special abilities


You were on level 3 of the Dungeon.
You visited 1 branch of the dungeon, and saw 3 of its levels.

You collected 114 gold pieces.

Inventory:

Hand Weapons
 t - the +6 hand axe "Qeosy" {pain, rPois Dex+3}
   (You found it on level 3 of the Dungeon)

   Dex:       It affects your dexterity (+3).
   rPois:     It protects you from poison.
Armour
 a - a +0 robe
 e - a +0 pair of boots (melded)
 p - a +0 leather armour (worn)
Scrolls
 d - 2 scrolls of teleportation {unknown}
 g - 2 scrolls of identify {unknown}
 i - a scroll of silence {unknown}
 n - a scroll of amnesia {unknown}
 r - a scroll of poison {unknown}
 s - a scroll of enchant weapon {unknown}
 u - a scroll of fear {unknown}
Potions
 b - a potion of lignification
 c - a potion of curing {unknown}
 f - a potion of ambrosia {unknown}
 h - a potion of haste {unknown}
 j - a potion of invisibility {unknown}
 k - 2 potions of flight {unknown}
 l - a potion of resistance {unknown}
 m - 2 potions of attraction {unknown}
 o - 2 potions of mutation {unknown}
 q - a potion of cancellation {unknown}


   Skills:
 + Level 1.9 Fighting
 + Level 3.3 Dodging
 * Level 4.0 Unarmed Combat
 - Level 2.1 Spellcasting
 + Level 3.4 Transmutations


You had 5 spell levels left.
You knew the following spells:

 Your Spells              Type           Power      Damage    Failure   Level
a - Beastly Appendage     Tmut           18%        N/A       9%          1

Your spell library contained the following spells:

 Spells                   Type           Power      Damage    Failure   Level
 Wereblood                Tmut           9%         N/A       13%         2
 Spider Form              Tmut/Pois      5%         N/A       45%         3
 Ice Form                 Ice/Tmut       5%         N/A       86%         4


Dungeon Overview and Level Annotations

Branches:
Dungeon (3/15)

Altars:
Zin


Innate Abilities, Weirdness & Mutations

You are very nimble when in or above water. (Stealth+, EV+, Speed+++)
Your lower body shifts to a powerful aquatic tail in water.


Message History

You hit the dart slug.
The dart slug is almost dead.
The dart slug launches a dart at you. The slug dart hits you.
You hit the dart slug.
You kill the dart slug!
The endoplasm freezes you.
You are frozen.
Your Unarmed Combat skill increases to level 4!
You punch the endoplasm!
You kill the endoplasm!
Found a coral ring.
Found a glowing silver altar of Zin.
An iguana and a ball python come into view.
The iguana hisses angrily.
The ball python hisses angrily.
Found a stone staircase leading down.
The ball python bites you but does no damage.
The ball python grabs you. The ball python constricts you.
The ball python bites you. The ball python constricts you.
You escape the ball python's grasp.
The ball python bites you. The ball python grabs you.
The ball python constricts you.
The ball python bites you but does no damage.
The ball python constricts you.
You barely miss the ball python.
The ball python bites you but does no damage.
The ball python constricts you.
You hit the ball python.
You kill the ball python!
The iguana hisses menacingly.
Your legs become a tail as you enter the water.
Your +0 pair of boots melds into your body.
Found a ring mail.
You hit the iguana but do no damage. The iguana bites you!
Ouch! That really hurt!
* * * LOW HITPOINT WARNING * * *
You hit the iguana.
Your tail-slap misses the iguana.
The iguana is lightly wounded.
The iguana bites you!
You die...

#.# #.# ## ## ..# .##
#># #.# #.###.#
#.######. #####..#.#
#........
..##..=.#######
#.##.####
#.##.........[. #.##.#
#.##l≈≈≈≈≈≈≈≈≈.
#.##.###
#.##.@.......≈.
#...)..#
#.##.≈.#####.≈.
####.#.#
#....≈.....#.≈. #.#.#
#..#.≈.#._.#.≈. #.#.#
#....≈.#....... #.#.#
#.#..≈.#####.≈.
#.#.#####.##.≈.......≈.
#.........##.≈≈≈≈≈≈≈≈
###.......##...l....


You could see an iguana.

Vanquished Creatures
  An adder (D:2)
  2 dart slugs
  5 bats
  6 endoplasms
  A giant cockroach (D:2)
  4 goblins
  2 hobgoblins
  A quokka (D:2)
  3 ball pythons
  2 frilled lizards (D:2)
  5 kobolds
32 creatures vanquished.

Notes
Turn   | Place    | Note
-------+----------+-------------------------------------------
     0 | D:1      | Hetzau the Merfolk Transmuter began the quest for the Orb.
     0 | D:1      | Reached XP level 1. HP: 15/15 MP: 3/3
   137 | D:1      | Reached XP level 2. HP: 20/21 MP: 5/5
   740 | D:2      | Reached XP level 3. HP: 16/27 MP: 4/6
  1229 | D:3      | Identified the +6 hand axe "Qeosy" {pain, rPois Dex+3}
  1524 | D:3      | Reached skill level 4 in Unarmed Combat
  1531 | D:3      | Found a glowing silver altar of Zin.
  1549 | D:3      | Slain by an iguana

Illustrated notes

Levels and vault maps discovered:
D:1:      roderic_crop_circles_arrival_small, layout_rooms,
          hangedman_glass_teeth
D:2:      layout_rooms, serial_rivers, chequers_serial_rivers_large_a,
          chequers_serial_rivers_small_b, chequers_serial_rivers_room_b,
          chequers_serial_rivers_room_b, hangedman_abyss_or_decor_stabs
D:3:      layout_loops_ring, mainiacjoe_overflow_brackets, tso_altar,
          uniq_crazy_yiuf_cottage, uniq_natasha, uniq_terence

Skill      XL: |  1  2  3 |
---------------+----------+-----
Dodging        | 3 |  3.3
Transmutations | 3 |  3.4
Unarmed Combat | 4 |  4.0
Fighting       | |  1.9
Spellcasting   | |  2.1

Action                     || total
---------------------------++-------
  Melee: Unarmed           ||   100
         Short sword       ||     4
         Club              ||     4
         Headbutt          ||     4
         Tailslap          ||     5
   Cast: Beastly Appendage ||     3
 Armour: Robe              ||    13
         Leather armour    ||    22
  Dodge: Dodged            ||    86
